 Dungeon Crawl Stone Soup version 0.26.0-11-g8f856b5395 (webtiles) character file.

Game seed: 10318259934916559550

344 hawla the Conjurer (level 6, -5/48 HPs)
             Began as a Draconian Conjurer on Jan 15, 2021.
             Slain by a centaur (10 damage)
             ... on level 5 of the Dungeon.
             The game lasted 00:08:50 (4041 turns).

hawla the Conjurer (Draconian Conjurer)             Turns: 4041, Time: 00:08:51

Health: -5/48      AC:  6    Str:  8 (9)  XL:     6   Next: 31%
Magic:  12/12      EV: 12    Int: 19 (20) God:
Gold:   139        SH:  0    Dex:  8 (10) Spells: 6/13 levels left

rFire    . . .     SeeInvis .   l - +2 falchion (protect)
rCold    . . .     Faith    .   (no shield)
rNeg     . . .     Spirit   .   (armour unavailable)
rPois    .         Reflect  .   (helmet restricted)
rElec    .         Harm     .   (no cloak)
rCorr    .         Rampage  .   (no gloves)
Will     .....                  (no boots)
Stlth    ++........             (no amulet)
HPRegen  0.16/turn              g - ring of attention (curse)
MPRegen  0.13/turn              h - ring of stealth

@: no status effects
A: unfitting armour, cold-blooded, AC +6
a: no special abilities


You were on level 5 of the Dungeon.
You visited 1 branch of the dungeon, and saw 5 of its levels.

You collected 139 gold pieces.

Inventory:

Hand Weapons
 l - a +2 falchion of protection (weapon)
Jewellery
 g - a cursed ring of attention (left hand)
 h - a ring of stealth (right hand)
Wands
 c - a wand of flame (15)
Scrolls
 e - a scroll of enchant weapon
 f - 7 scrolls of teleportation
 i - a scroll of enchant armour
Potions
 b - a potion of curing
 d - a potion of flight


   Skills:
 + Level 1.9 Fighting
 - Level 2.0 Dodging
 - Level 2.0 Stealth
 + Level 4.3 Spellcasting
 + Level 4.7 Conjurations
 + Level 2.2 Translocations
 + Level 1.8 Evocations


You had 6 spell levels left.
You knew the following spells:

 Your Spells              Type           Power        Failure   Level
a - Magic Dart            Conj           88%          1%          1
b - Searing Ray           Conj           44%          3%          2
c - Iskenderun's Mystic   Conj/Tloc      17%          32%         4

Your spell library contained the following spells:

 Spells                   Type           Power        Failure   Level
 Dazzling Flash           Conj/Hex       26%          16%         3
 Fulminant Prism          Conj/Hex       6%           45%         4


Dungeon Overview and Level Annotations

Branches:
Dungeon (5/15)
 Temple: D:4-7

Altars:
Cheibriados
Xom


Innate Abilities, Weirdness & Mutations

Your plain brown scales are hard. (AC +6)
You cannot fit into any form of body armour.
You are cold-blooded and may be slowed by cold attacks.


Message History

The arrow hits you!
Things that are here:
an arrow; a +0 dagger; a cursed +0 robe The centaur shoots an arrow.
The arrow hits you.
The centaur shoots an arrow.
The arrow hits you!
You see here 2 arrows.
You are too injured to fight recklessly!
You are too injured to fight recklessly!
You are too injured to fight recklessly!
The centaur shoots an arrow.
The arrow barely misses you.
The centaur shoots an arrow.
The arrow hits you but does no damage.
You see here an arrow.
The centaur shoots an arrow.
The arrow closely misses you.
The centaur shoots an arrow.
The arrow hits you!
* * * LOW HITPOINT WARNING * * *
You see here an arrow.
The centaur unwields a +0 shortbow.
The centaur hits you.
* * * LOW HITPOINT WARNING * * *
You barely miss the centaur. The centaur hits you!
You die...

.......
##########.......
#......()........
#.......(#)......
#.......(#.......
#........#.......
#......(##....(..
#......(# .......
#.<....@###......
#....[.c.# #.....
#........###
#..........#
##########)# ..#
... ##.. ...


You could see a centaur.

Vanquished Creatures
  An ogre (D:3)
  4 orc wizards
  A worker ant (D:4)
  4 adders
  An ooze (D:2)
  A worm (D:2)
  4 dart slugs
  3 leopard geckos
  9 orcs
  3 giant cockroaches
  8 goblins
  6 hobgoblins
  A quokka (D:4)
  7 bats
  2 frilled lizards
  4 kobolds
  5 rats
64 creatures vanquished.

Notes
Turn   | Place    | Note
-------+----------+-------------------------------------------
     0 | D:1      | hawla the Draconian Conjurer began the quest for the Orb.
     0 | D:1      | Reached XP level 1. HP: 14/14 MP: 3/3
   253 | D:1      | Reached XP level 2. HP: 22/22 MP: 1/5
   343 | D:1      | Reached skill level 1 in Fighting
   350 | D:1      | Learned a level 2 spell: Searing Ray
   767 | D:1      | Reached XP level 3. HP: 28/28 MP: 4/7
  1148 | D:1      | You fall into a shaft and drop 1 floor!
  1741 | D:2      | Reached XP level 4. HP: 35/35 MP: 7/9
  1746 | D:2      | Learned a level 4 spell: Iskenderun's Mystic Blast
  2261 | D:3      | Noticed an ogre
  2265 | D:3      | Killed an ogre
  2266 | D:3      | Reached skill level 1 in Translocations
  2266 | D:3      | Reached skill level 1 in Evocations
  2266 | D:3      | Reached XP level 5. HP: 22/40 MP: 4/11
  2803 | D:3      | Found a snail-covered altar of Cheibriados.
  3333 | D:4      | Found a shimmering altar of Xom.
  3508 | D:4      | Reached XP level 6. HP: 38/47 MP: 2/12
  3622 | D:5      | Entered Level 5 of the Dungeon
  4041 | D:5      | Slain by a centaur

Illustrated notes

Levels and vault maps discovered:
D:1:      dpeg_arrival_tiny_j, layout_basic, minmay_vboxes
D:2:      layout_loops_cross
D:3:      layout_basic, general_overflow_altar
D:4:      layout_rooms, old_standard_altar
D:5:      layout_rooms, okawaru_gym_becter, lemuel_round_altar, uniq_menkaure

Skill      XL: |  1  2  3  4  5 |
---------------+----------------+-----
Stealth        | 2 |  2.0
Dodging        | 2 |  2.0
Fighting       | 1 |  1.9
Spellcasting   | 3 4 |  4.3
Translocations | 1 2 |  2.2
Evocations     | 1 |  1.8
Conjurations   | |  4.7

Action                   |  1- 3 |  4- 6 || total
-------------------------+-------+-------++-------
Melee: Unarmed           |    41 |       ||    41
       Whip              |    16 |       ||    16
       Falchion          |       |    12 ||    12
       Tailslap          |       |     4 ||     4
 Cast: Magic Dart        |    40 |    37 ||    77
       Searing Ray       |    11 |    19 ||    30
       Iskenderun's Myst |       |     2 ||     2
Evoke: Wand              |       |     3 ||     3
  Use: Scroll            |     5 |     4 ||     9
       Potion            |       |     3 ||     3
Armor: Skin              |    19 |    20 ||    39
Dodge: Dodged            |    49 |    14 ||    63
       Rpst.: Falchion   |       |     3 ||     3
